[Event "Titled Tuesday Blitz November 01 Early 2022"]
[White "Gokerkan, Cem Kaan"]
[Black "Terry, Renato"]
[WhiteFideId "6336760"]
[BlackFideId "3803457"]
[WhiteElo "2365"]
[BlackElo "2577"]
[Result "0-1"]
[Round "06"]
[TimeControl "180+1"]
[Date "2022.11.01"]
[WhiteClock "0:00:03"]
[BlackClock "0:00:12"]

1. e4 e6 2. d4 d5 3. Nd2 Be7 4. Ngf3 Nf6 5. Bd3 c5 6. exd5 Qxd5 7. dxc5 Qxc5 8. O-O Nbd7 9. Qe2 O-O 10. Ne4 Qc7 11. Nxf6+ Nxf6 12. Bg5 b6 13. c4 Bb7 14. Rad1 Rad8 15. b3 Ng4 16. Be4 Bxg5 17. Bxb7 Bf4 18. Be4 Bxh2+ 19. Kh1 Bf4 20. g3 Bh6 21. Kg2 Qc5 22. Nh2 Nf6 23. Bc2 g6 24. Ng4 Bg7 25. Nxf6+ Bxf6 26. Qf3 Kg7 27. Rxd8 Rxd8 28. Rd1 Rd4 29. Rxd4 Bxd4 30. Qf4 h5 31. Bd3 a5 32. Qf3 Qe5 33. Qe4 Qc5 34. Qf3 Qa3 35. Qe2 Qc1 36. Qe4 Qb2 37. Qe2 Qc3 38. Qe4 Bc5 39. Qf3 Qd4 40. Qe2 g5 41. Bc2 g4 42. Kf1 Qa1+ 43. Kg2 Qd4 44. Kf1 f5 45. Ke1 Kf6 46. Kf1 e5 47. Ke1 Qa1+ 48. Qd1 Qc3+ 49. Kf1 Bd4 50. Qd3 Qa1+ 51. Kg2 e4 52. Qd2 Ke6 53. Qh6+ Bf6 54. Qg6 Qxa2 55. Qe8+ Kd6 56. Qb8+ Ke6 57. Qc8+ Kf7 58. Qd7+ Kg6 59. Qe8+ Kh6 60. Qf8+ Bg7 61. Qd6+ Kh7 62. Bd1 Qb1 63. Be2 Qb2 64. Kf1 Qd4 65. Qe6 Qa1+ 66. Kg2 Qf6 67. Qd5 Qe5 68. Qc6 Qf6 69. Qd5 Kg6 70. c5 bxc5 71. Bc4 Kg5 72. Qxc5 h4 73. gxh4+ Kxh4 74. Qd5 Qe5 75. Qf7 Qf6 76. Qg8 Kg5 77. Qd5 Qe5 78. Qf7 f4 79. Be6 f3+ 80. Kg1 Qa1+ 81. Kh2 Be5+ 0-1


[Site "https://www.chess.com"]

[Event "Titled Tuesday Blitz November 01 Early 2022"]
[White "Goltseva, Ekaterina"]
[Black "Rohith Krishna S"]
[WhiteFideId "24173770"]
[BlackFideId "46617051"]
[WhiteElo "2557"]
[BlackElo "2760"]
[Result "0-1"]
[Round "06"]
[TimeControl "180+1"]
[Date "2022.11.02"]
[WhiteClock "0:00:04"]
[BlackClock "0:00:12"]

1. d4 d5 2. c4 e6 3. Nf3 Nf6 4. g3 Bb4+ 5. Nc3 Be7 6. Bg2 O-O 7. O-O dxc4 8. Ne5 Nc6 9. Bxc6 bxc6 10. Nxc6 Qe8 11. Nxe7+ Qxe7 12. Qa4 c5 13. Qxc4 cxd4 14. Qxd4 Rd8 15. Qh4 h6 16. Be3 Rb8 17. Ne4 Nd5 18. Qxe7 Nxe7 19. Bxa7 Rxb2 20. e3 Bb7 21. Nc3 Bf3 22. a4 h5 23. Nb5 Rdd2 24. Nd4 Be4 25. Bc5 Nd5 26. Ba3 Ra2 27. Nb3 Rdc2 28. Rxa2 Rxa2 29. Ra1 Rc2 30. Nd4 Rd2 31. a5 h4 32. gxh4 e5 33. Nb3 Rc2 34. Nc5 Bf3 35. a6 Kh7 36. a7 Nf6 37. e4 Nxe4 38. a8=Q Ng5 39. Qa4 Nh3+ 40. Kf1 Rxf2+ 41. Ke1 Re2+ 42. Kd1 Re4+ 43. Kc1 Re1+ 44. Kb2 Re2+ 45. Kb3 Bd5+ 46. Kc3 Re3+ 47. Kd2 Rf3 48. Qg4 Rf2+ 49. Ke1 Rxh2 50. Rd1 Rh1+ 51. Kd2 Rh2+ 52. Kc1 Nf4 53. Rd2 Rh1+ 54. Kb2 Bc4 55. Ne4 f6 56. Nc3 Be6 57. Ne2 Bxg4 58. Nxf4 exf4 59. Rf2 f3 60. Bd6 Rxh4 61. Bg3 Rh3 62. Bf4 Kg6 63. Be3 Kf5 64. Bc5 Ke4 65. Bb6 Rg3 66. Ba7 Kd3 67. Bb8 Rg2 68. Ba7 Rxf2+ 69. Bxf2 Ke2 70. Be3 f2 0-1


[Site "https://www.chess.com"]

[Event "Titled Tuesday Blitz November 01 Early 2022"]
[White "Goriatchkin, Jouri"]
[Black "Itkis, Boris"]
[WhiteFideId "4120183"]
[BlackFideId "1209167"]
[WhiteElo "1857"]
[BlackElo "2232"]
[Result "0-1"]
[Round "06"]
[TimeControl "180+1"]
[Date "2022.11.02"]
[WhiteClock "0:00:04"]
[BlackClock "0:00:30"]

1. d4 Nf6 2. c4 Nc6 3. Nc3 e5 4. d5 Ne7 5. e4 Ng6 6. Bd3 Bb4 7. f3 O-O 8. Be3 d6 9. Ne2 a5 10. Qd2 Nh5 11. g4 Nhf4 12. Nxf4 exf4 13. Bxf4 Qf6 14. Be3 Ne5 15. O-O-O Nxf3 16. Qc2 Bxg4 17. Rdf1 Qe5 18. h3 Bh5 19. a3 Bxc3 20. bxc3 f5 21. Bd4 Nxd4 22. cxd4 Qxd4 23. exf5 c6 24. dxc6 bxc6 25. Rhg1 d5 26. cxd5 cxd5 27. Qb2 Rfc8+ 28. Bc2 Qe3+ 0-1


[Site "https://www.chess.com"]

[Event "Titled Tuesday Blitz November 01 Early 2022"]
[White "Goroshkov, Maksym"]
[Black "Postnikov, Daniil"]
[WhiteFideId "14142716"]
[BlackFideId "4166329"]
[WhiteElo "2257"]
[BlackElo "2261"]
[Result "0-1"]
[Round "06"]
[TimeControl "180+1"]
[Date "2022.11.02"]
[WhiteClock "0:01:29"]
[BlackClock "0:01:55"]

1. e4 e6 2. d4 d5 3. exd5 exd5 4. c4 Bb4+ 5. Bd2 Qe7+ 6. Be2 dxc4 7. Nf3 Be6 8. O-O Nc6 9. d5 Bxd5 10. Bxb4 Nxb4 11. a3 Nc6 12. Qxd5 Nf6 13. Qxc4 O-O-O 14. Nc3 g5 15. Rfe1 g4 16. Ng5 Rd4 17. Qxd4 Nxd4 18. Bxg4+ Ne6 19. Nxf7 Nxg4 20. Nxh8 Qh4 21. Rad1 Qxf2+ 22. Kh1 Qf4 23. Kg1 Qxh2+ 24. Kf1 Qh1+ 25. Ke2 Qxg2+ 26. Kd3 Nf2+ 27. Kc4 Nxd1 28. Rxd1 Qxb2 29. Nf7 Qxa3 30. Re1 Qc5+ 31. Kd3 Qd4+ 32. Kc2 Qf2+ 33. Re2 Nd4+ 34. Kd3 Nxe2 35. Nxe2 Qxf7 36. Nd4 Qd5 37. Ke3 Qxd4+ 38. Kxd4 Kd7 39. Ke5 Ke7 40. Ke4 a5 41. Kd5 h5 42. Kc5 h4 43. Kb5 h3 44. Kxa5 h2 45. Kb5 h1=Q 46. Kc4 Qc6+ 47. Kd3 b6 48. Ke3 Qb7 49. Ke2 Qc6 50. Kf1 Qc5 51. Ke1 Qc6 52. Kf1 Qc5 53. Ke1 b5 54. Kf1 Qc6 55. Ke1 Qc5 56. Kd1 Qc6 57. Kd2 Qb6 58. Kd1 Qc5 59. Kd2 c6 60. Kd1 Qd6+ 61. Kc2 Qc5+ 62. Kb2 Qc4 63. Kb1 Qe2 64. Kc1 Kd6 65. Kb1 Kc5 66. Kc1 Kb6 67. Kb1 Kb7 68. Kc1 Ka7 69. Kb1 Kb6 70. Kc1 Ka5 71. Kb1 b4 72. Kc1 Ka4 73. Kb1 Kb3 74. Kc1 c5 75. Kb1 c4 76. Kc1 Qe1# 0-1


[Site "https://www.chess.com"]

[Event "Titled Tuesday Blitz November 01 Early 2022"]
[White "Goryachkina, Aleksandra"]
[Black "Schekachikhin, Maksim"]
[WhiteFideId "4147103"]
[BlackFideId "24177830"]
[WhiteElo "2701"]
[BlackElo "2527"]
[Result "0-1"]
[Round "06"]
[TimeControl "180+1"]
[Date "2022.11.02"]
[WhiteClock "0:00:02"]
[BlackClock "0:00:25"]

1. e4 c5 2. Nf3 e6 3. c3 d5 4. exd5 Qxd5 5. d4 Nf6 6. Na3 Qd8 7. Be3 cxd4 8. Nxd4 Be7 9. Bd3 O-O 10. Nc4 Bd7 11. Ne5 Be8 12. O-O Nbd7 13. Nxd7 Bxd7 14. Qc2 a6 15. Rad1 Qc7 16. h3 Rfd8 17. Rfe1 h6 18. Qe2 Bf8 19. Bc1 b5 20. Nf3 Bc6 21. Ne5 Bd5 22. Bf4 Qb7 23. Qf1 Bxa2 24. Bg3 Bd5 25. Bh4 Be7 26. Bb1 Bb3 27. Rxd8+ Rxd8 28. Qe2 a5 29. Qe3 Bd5 30. Bxf6 Bxf6 31. Ng4 Bg5 32. Qg3 Qb8 33. Ne5 Bf6 34. f4 Bxe5 35. fxe5 b4 36. Qd3 g6 37. Qe3 Kg7 38. Rf1 bxc3 39. bxc3 Bc4 40. Rxf7+ Kxf7 41. Qf4+ Ke8 42. Bxg6+ Kd7 43. Qxc4 Qxe5 44. Qa4+ Ke7 45. Be4 Rb8 46. Bf3 Rb1+ 0-1


[Site "https://www.chess.com"]

[Event "Titled Tuesday Blitz November 01 Early 2022"]
[White "Grave, Jacob Templen"]
[Black "Luxama, Jacques Muller"]
[WhiteFideId "1542656"]
[BlackFideId "11900113"]
[WhiteElo "2121"]
[BlackElo "1931"]
[Result "1-0"]
[Round "06"]
[TimeControl "180+1"]
[Date "2022.11.02"]
[WhiteClock "0:00:01"]
[BlackClock "0:00:01"]

1. b3 e5 2. Bb2 d6 3. Nf3 f5 4. c4 Nf6 5. g3 g6 6. Bg2 Bg7 7. O-O O-O 8. d3 a5 9. Nc3 Nc6 10. Qc2 h6 11. a3 Qe8 12. Nd5 Qf7 13. e4 Be6 14. Qd2 fxe4 15. Nxf6+ Qxf6 16. dxe4 g5 17. Ne1 a4 18. Rc1 axb3 19. f4 gxf4 20. gxf4 Nd4 21. Nd3 Qh4 22. Bxd4 exd4 23. f5 Bf7 24. Rf4 Qf6 25. Qb4 h5 26. Rf3 Bh6 27. Rcf1 b6 28. Qxb3 Kh8 29. Rg3 Rae8 30. Re1 Be3+ 31. Kh1 Rg8 32. Qb2 Rxg3 33. hxg3 Rg8 34. Rxe3 c5 35. Rf3 h4 36. gxh4 Rg4 37. Rh3 Rxh4 38. Qf2 Rxh3+ 39. Bxh3 Qg5 40. Qf4 1-0


[Site "https://www.chess.com"]

[Event "Titled Tuesday Blitz November 01 Early 2022"]
[White "Grot, Blazej"]
[Black "Winterberg, Lukas"]
[WhiteFideId "21835845"]
[BlackFideId "24622702"]
[WhiteElo "1739"]
[BlackElo "2349"]
[Result "0-1"]
[Round "06"]
[TimeControl "180+1"]
[Date "2022.11.02"]
[WhiteClock "0:01:25"]
[BlackClock "0:00:33"]

1. e4 c6 2. d4 d5 3. Nd2 dxe4 4. Nxe4 Bf5 5. Ng3 Bg6 6. c3 Nd7 7. Nh3 e5 8. dxe5 Nxe5 9. Qe2 Qe7 10. Nf4 O-O-O 11. Be3 Nd3+ 12. Nxd3 Bxd3 13. Qg4+ Qd7 14. Qxd7+ Rxd7 15. Bxd3 Rxd3 16. Bxa7 c5 17. Ne4 Rd5 18. Ke2 f5 19. Ng3 Nf6 20. b4 f4 21. Nf1 Bd6 22. bxc5 Re8+ 23. Kf3 Rd3+ 24. Ne3 Bc7 25. Rhd1 Rxc3 26. Rac1 Ra3 27. Bb6 fxe3 28. fxe3 Raxe3+ 29. Kf2 Ng4+ 30. Kg1 Bxh2+ 31. Kh1 Bg3 32. Kg1 R3e6 33. c6 bxc6 34. Bc5 Re1+ 35. Rxe1 Rxe1+ 36. Rxe1 Bxe1 37. a4 Kb7 0-1


[Site "https://www.chess.com"]

[Event "Titled Tuesday Blitz November 01 Early 2022"]
[White "Grover, Sahaj"]
[Black "Xiong, Jeffery"]
[WhiteFideId "5021103"]
[BlackFideId "2047640"]
[WhiteElo "2432"]
[BlackElo "2725"]
[Result "0-1"]
[Round "06"]
[TimeControl "180+1"]
[Date "2022.11.01"]
[WhiteClock "0:00:17"]
[BlackClock "0:02:05"]

1. e4 c6 2. d4 d5 3. exd5 cxd5 4. Bd3 Nc6 5. c3 Qc7 6. Ne2 Bg4 7. O-O e6 8. Qe1 Bxe2 9. Qxe2 Bd6 10. g3 h5 11. Nd2 h4 12. Nf3 hxg3 13. hxg3 Nf6 14. b4 O-O-O 15. b5 Na5 16. Ne5 Rh5 17. Bf4 Rdh8 18. Qf3 g5 19. Be3 Bxe5 20. dxe5 g4 21. Qg2 Nd7 22. Bf4 Nxe5 23. Be2 f5 24. f3 Qc5+ 25. Rf2 Rh1+ 0-1


[Site "https://www.chess.com"]

[Event "Titled Tuesday Blitz November 01 Early 2022"]
[White "Gu, Xiaobing"]
[Black "Safin, Robert"]
[WhiteFideId "8602611"]
[BlackFideId "34189120"]
[WhiteElo "2174"]
[BlackElo "2219"]
[Result "1-0"]
[Round "06"]
[TimeControl "180+1"]
[Date "2022.11.02"]
[WhiteClock "0:00:08"]
[BlackClock "0:00:02"]

1. e4 g6 2. d4 Bg7 3. Nc3 c6 4. d5 d6 5. Nf3 Nf6 6. Be2 Bg4 7. h3 Bxf3 8. Bxf3 O-O 9. O-O cxd5 10. exd5 Nbd7 11. Re1 Rc8 12. Bg5 a6 13. Qd2 Re8 14. a4 Qb6 15. a5 Qxb2 16. Na4 Qxc2 17. Qb4 Rc4 18. Qa3 Ne4 19. Bxe4 Rxe4 20. Rec1 Qe2 21. Nc3 Bxc3 22. Qxc3 Nc5 23. Bh6 f6 24. Rab1 Qh5 25. Be3 Qxd5 26. Rd1 Qc4 27. Qb2 Qe6 28. Rdc1 Rc8 29. Bxc5 Rxc5 30. Rxc5 dxc5 31. Qxb7 Re1+ 32. Kh2 Qd6+ 33. g3 Rxb1 34. Qxb1 c4 35. Qc2 Qc7 36. Qe4 c3 37. Qd5+ Kg7 38. Qd1 c2 39. Qc1 Qc3 40. Kg2 Qd3 41. Qb2 Qd1 42. Qb4 1-0


[Site "https://www.chess.com"]

[Event "Titled Tuesday Blitz November 01 Early 2022"]
[White "Gubajdullin, Alexei"]
[Black "Zakhartsov, Vladimir"]
[WhiteFideId "4141202"]
[BlackFideId "4145097"]
[WhiteElo "2622"]
[BlackElo "2803"]
[Result "0-1"]
[Round "06"]
[TimeControl "180+1"]
[Date "2022.11.02"]
[WhiteClock "0:00:01"]
[BlackClock "0:00:04"]

1. d4 Nf6 2. Nf3 e6 3. Bf4 c5 4. e3 d5 5. Nbd2 Bd6 6. Bg3 O-O 7. c3 b6 8. Bd3 Ba6 9. Bxa6 Nxa6 10. a4 Nb8 11. a5 b5 12. Bxd6 Qxd6 13. dxc5 Qxc5 14. Ne5 a6 15. Qe2 Qc7 16. Nd3 Nc6 17. Nb3 Ne4 18. f3 Nd6 19. e4 dxe4 20. fxe4 Nc4 21. O-O N6xa5 22. Nxa5 Nxa5 23. e5 Nc4 24. Rf3 Rad8 25. Rg3 g6 26. Re1 Rd5 27. b3 Na5 28. Nf4 Rdd8 29. Nh5 f5 30. exf6 Kh8 31. Ng7 Rxf6 32. Nxe6 Qb6+ 33. Nd4 Nxb3 34. Rg4 Nxd4 35. cxd4 b4 36. Qe7 Rdf8 37. h4 b3 38. h5 R6f7 39. Qe5+ Qf6 40. hxg6 hxg6 41. Rxg6 Qxe5 42. dxe5 a5 43. Rb6 a4 44. Rb4 Rf4 45. Rb7 Re8 46. e6 Rf6 47. e7 Ra6 48. Re3 Kg7 49. Rf3 Re6 50. Rf1 R6xe7 51. Rb4 Re4 52. Rb7+ R8e7 53. Rb8 Rf7 54. Ra1 Rfe7 55. Ra3 Rd4 56. Kh2 Kf6 57. Rb5 Re5 58. Rb6+ Kf5 59. Ra6 Ree4 60. Rb6 Kf4 61. Rb8 Ke3 62. Rb7 Kd3 63. Ra1 Kc3 0-1


[Site "https://www.chess.com"]

[Event "Titled Tuesday Blitz November 01 Early 2022"]
[White "Gulevich, Artem"]
[Black "Parkhov, Yair"]
[WhiteFideId "24119580"]
[BlackFideId "2813408"]
[WhiteElo "2218"]
[BlackElo "2384"]
[Result "0-1"]
[Round "06"]
[TimeControl "180+1"]
[Date "2022.11.02"]
[WhiteClock "0:00:05"]
[BlackClock "0:00:11"]

1. Nf3 c6 2. b3 d5 3. Bb2 Bg4 4. e3 Nd7 5. d4 Ngf6 6. Be2 e6 7. Nbd2 Bd6 8. O-O O-O 9. c4 Qe7 10. Re1 Rad8 11. Qc2 Bf5 12. Bd3 Bxd3 13. Qxd3 e5 14. dxe5 Nxe5 15. Nxe5 Bxe5 16. Bxe5 Qxe5 17. Nf3 Qe4 18. Qe2 dxc4 19. Nd2 Qd3 20. Nxc4 Qxe2 21. Rxe2 Rd7 22. Kf1 Rfd8 23. Ke1 Ne4 24. f3 Nc5 25. Rd2 Rxd2 26. Nxd2 f6 27. Ke2 Kf7 28. Rc1 Nd3 29. Rc3 Nb4 30. a3 Nd5 31. Rd3 Ke7 32. g3 Rc8 33. e4 Nb6 34. f4 c5 35. Ke3 Rc6 36. Rc3 Nd7 37. a4 b6 38. Nc4 Nf8 39. e5 Ne6 40. exf6+ gxf6 41. Nd2 Nd4 42. Nf3 Re6+ 43. Kd2 Nxf3+ 44. Rxf3 f5 45. h3 h5 46. Kd3 a6 47. Kc4 Kd6 48. Rd3+ Kc6 49. Kc3 b5 50. axb5+ axb5 51. Kd2 Rd6 52. Ke3 Rxd3+ 53. Kxd3 Kd5 54. Ke3 c4 55. bxc4+ Kxc4 56. g4 fxg4 57. hxg4 hxg4 58. Ke4 b4 0-1


[Site "https://www.chess.com"]

[Event "Titled Tuesday Blitz November 01 Early 2022"]
[White "Han, Yichen"]
[Black "Manon-og, Ramon Jr."]
[WhiteFideId "1054430"]
[BlackFideId "5200776"]
[WhiteElo "2323"]
[BlackElo "2257"]
[Result "0-1"]
[Round "06"]
[TimeControl "180+1"]
[Date "2022.11.02"]
[WhiteClock "0:00:01"]
[BlackClock "0:00:19"]

1. a4 Nf6 2. Nf3 g6 3. g3 Bg7 4. Bg2 O-O 5. O-O d5 6. b3 Ne4 7. d4 c5 8. Bb2 Nc6 9. e3 cxd4 10. exd4 Bg4 11. h3 Bf5 12. Nbd2 Rc8 13. c3 Na5 14. b4 Nc4 15. Nxc4 Rxc4 16. Nd2 Nxc3 17. Qe1 Rc7 18. Nf3 Ne4 19. Rc1 Rxc1 20. Qxc1 Qb6 21. b5 Rc8 22. Qe3 Rc2 23. Ba3 Rc3 24. Bc5 Rxe3 25. Bxb6 Rxf3 26. Bxf3 axb6 27. Rc1 Bxd4 28. Rc7 Bxf2+ 29. Kg2 Bxg3 30. Rxe7 Bd6 31. Rxb7 Bc5 32. h4 d4 33. h5 gxh5 34. Rc7 d3 35. a5 bxa5 36. Bxh5 d2 37. Bxf7+ Kh8 38. Bh5 Be3 39. Rf7 Bg6 40. Bxg6 d1=Q 41. Rxh7+ Kg8 42. Bxe4 Qg4+ 43. Kf1 Qxe4 44. Rd7 Qf3+ 45. Ke1 Qf2+ 46. Kd1 Qf1+ 47. Kc2 Qxb5 48. Rd8+ Kf7 49. Rd3 Qc4+ 50. Rc3 Qe2+ 51. Kb3 Qb5+ 52. Kc2 Bd4 53. Rf3+ Ke6 54. Rd3 Kd5 55. Rh3 Kc4 56. Kd1 Qb2 57. Rf3 a4 58. Ke1 a3 59. Kf1 a2 60. Ra3 Qxa3 61. Kg2 a1=Q 62. Kh2 Q1b2+ 63. Kh1 Qaa1# 0-1


[Site "https://www.chess.com"]

[Event "Titled Tuesday Blitz November 01 Early 2022"]
[White "Harriott, Tyrell"]
[Black "Jia, Haoxiang"]
[WhiteFideId "2086484"]
[BlackFideId "8602999"]
[WhiteElo "2107"]
[BlackElo "2642"]
[Result "0-1"]
[Round "06"]
[TimeControl "180+1"]
[Date "2022.11.02"]
[WhiteClock "0:00:12"]
[BlackClock "0:00:17"]

1. d4 Nf6 2. e3 g6 3. Bd3 Bg7 4. f4 d5 5. Nf3 c5 6. c3 Nc6 7. O-O O-O 8. Nbd2 Bf5 9. Bxf5 gxf5 10. b3 b6 11. Ba3 Ne4 12. Nxe4 fxe4 13. Ne5 Nxe5 14. fxe5 Rc8 15. Qh5 Rc6 16. Rf4 Rh6 17. Qe2 Qd7 18. Raf1 Rg6 19. Rf5 Qe6 20. Qa6 Bh6 21. Qe2 Kh8 22. Kh1 Rg7 23. dxc5 Rfg8 24. g3 Rg5 25. Rxf7 Qxe5 26. cxb6 axb6 27. Bb2 Bg7 28. Rxg7 R5xg7 29. c4 Qd6 30. Qg4 e5 31. Qf5 d4 32. exd4 exd4 33. Qxe4 Rd8 34. Rf4 Rgd7 35. Qd3 Qe5 36. Re4 Qf6 37. b4 Qf2 38. Qb1 Qf3+ 39. Kg1 Kg8 40. Rf4 Qe3+ 41. Kg2 Qe2+ 42. Rf2 Qe3 43. Qf5 Re8 44. Qxd7 Qe4+ 45. Kg1 Qe1+ 46. Kg2 Qe4+ 47. Kh3 Re6 48. Rf4 Rh6+ 49. Rh4 Rxh4+ 50. gxh4 Qf3# 0-1


[Site "https://www.chess.com"]

[Event "Titled Tuesday Blitz November 01 Early 2022"]
[White "Hoffmann, Asa"]
[Black "Vusatiuk, Vladimir"]
[WhiteFideId "2001470"]
[BlackFideId "14118610"]
[WhiteElo "2117"]
[BlackElo "2208"]
[Result "1-0"]
[Round "06"]
[TimeControl "180+1"]
[Date "2022.11.02"]
[WhiteClock "0:00:13"]
[BlackClock "0:00:04"]

1. d4 Nf6 2. Bg5 c6 3. Nd2 d6 4. e4 Qa5 5. Bxf6 gxf6 6. Nf3 f5 7. e5 dxe5 8. Nxe5 Nd7 9. Nc4 Qc7 10. c3 b5 11. Ne3 f4 12. Nc2 Nf6 13. Bd3 Rg8 14. g3 Bg4 15. f3 fxg3 16. fxg4 g2 17. Rg1 Qxh2 18. Nf3 Qg3+ 19. Ke2 Nd5 20. Nce1 Nf4+ 21. Kd2 Bh6 22. Kc2 Qf2+ 23. Qd2 Nxd3 24. Qxf2 Nxf2 25. Rxg2 Nxg4 26. Kb3 O-O-O 27. Nd3 f5 28. Re1 Ne3 29. Rh2 Ng4 30. Rh5 Bf8 31. Rxh7 Nf6 32. Rf7 Rg3 33. Nfe5 Kb7 34. Nc5+ Kb6 35. Ne6 Rd6 36. Nxf8 a5 37. Nfg6 Ne4 38. Nxe7 a4+ 39. Ka3 Rd8 40. Nxf5 Nd2 41. Nxg3 c5 42. b3 axb3 43. axb3 cxd4 44. c4 Ka5 45. Kb2 Kb4 46. Nd3+ Ka5 47. c5 b4 48. Rf6 Kb5 49. Rb6+ Ka5 50. Ra1# 1-0


[Site "https://www.chess.com"]

[Event "Titled Tuesday Blitz November 01 Early 2022"]
[White "Horcajuelo Rocamora, Martin"]
[Black "Budrewicz, Krzysztof"]
[WhiteFideId "24573027"]
[BlackFideId "1127950"]
[WhiteElo "2094"]
[BlackElo "2171"]
[Result "1-0"]
[Round "06"]
[TimeControl "180+1"]
[Date "2022.11.02"]
[WhiteClock "0:02:26"]
[BlackClock "0:01:33"]

1. e4 g6 2. d4 Bg7 3. c4 d6 4. Be3 e5 5. d5 f5 6. exf5 gxf5 7. Qh5+ Kf8 8. Nc3 Nf6 9. Qd1 f4 10. Bc1 Bf5 11. Bd3 e4 12. Bc2 Bh6 13. Nge2 Rg8 14. Bxf4 Bg7 15. Nd4 Qd7 16. O-O Na6 17. Re1 Re8 18. Ba4 Qc8 19. Bxe8 Nxe8 20. Nxe4 Bxe4 21. Rxe4 Nc5 22. Ne6+ Nxe6 23. Rxe6 Qd7 24. Qf3 Qf7 25. Rae1 Nf6 26. Bg5 1-0


[Site "https://www.chess.com"]

[Event "Titled Tuesday Blitz November 01 Early 2022"]
[White "Ibadov, Dashgyn"]
[Black "Smietanska, Wiktoria"]
[WhiteFideId "24107514"]
[BlackFideId "21869359"]
[WhiteElo "2208"]
[BlackElo "1854"]
[Result "1-0"]
[Round "06"]
[TimeControl "180+1"]
[Date "2022.11.02"]
[WhiteClock "0:01:13"]
[BlackClock "0:00:02"]

1. d4 Nf6 2. c4 g6 3. Nc3 Bg7 4. e4 d6 5. Nf3 O-O 6. Be2 e5 7. d5 a5 8. Bg5 h6 9. Bh4 Na6 10. Nd2 Nc5 11. O-O g5 12. Bg3 Nh7 13. Bg4 f5 14. exf5 Bxf5 15. Bxf5 Rxf5 16. Nde4 Nxe4 17. Nxe4 Rf7 18. Rc1 Qd7 19. c5 Bf8 20. c6 bxc6 21. Rxc6 Nf6 22. Nxf6+ Rxf6 23. Bxe5 Rf5 24. Bc3 Qf7 25. Qd4 Bg7 26. Qxg7+ Qxg7 27. Bxg7 Kxg7 28. Rxc7+ Kf6 29. Rd1 Rb8 30. b3 Rb5 31. Rd7 Rfxd5 32. Rxd6+ Rxd6 33. Rxd6+ Kg7 34. g3 Rc5 35. Kg2 Rc2 36. a4 Rc3 37. Rb6 Rd3 38. Rb5 Kg6 39. Rxa5 g4 40. Rb5 1-0


[Site "https://www.chess.com"]

[Event "Titled Tuesday Blitz November 01 Early 2022"]
[White "Iliaguev, Nisim"]
[Black "Tokhirjonova, Gulrukhbegim"]
[WhiteFideId "2817276"]
[BlackFideId "14203626"]
[WhiteElo "2264"]
[BlackElo "2236"]
[Result "0-1"]
[Round "06"]
[TimeControl "180+1"]
[Date "2022.11.02"]
[WhiteClock "0:00:15"]
[BlackClock "0:00:36"]

1. d4 Nf6 2. Nf3 d5 3. g3 g6 4. Bg2 Bg7 5. O-O O-O 6. c4 dxc4 7. Ne5 a5 8. Nxc4 a4 9. Nc3 c6 10. e4 Nbd7 11. Be3 b5 12. Ne5 Nxe5 13. dxe5 Ng4 14. Bc5 Nxe5 15. Qxd8 Rxd8 16. Bxe7 Rd2 17. Rad1 Rxd1 18. Rxd1 Be6 19. Bf1 h5 20. f4 Ng4 21. a3 Ne3 22. Rd8+ Rxd8 23. Bxd8 Bd4 24. Bg2 Nc4+ 25. Kh1 Nxb2 26. Ne2 Bc5 27. f5 Bc4 28. Nf4 Bxa3 29. e5 gxf5 30. Bxc6 Nd3 31. Nxh5 Nxe5 32. Be8 Bc5 33. Kg2 Bd5+ 34. Kh3 Be6 35. Nf4 a3 36. Bf6 Ng4 37. Ba1 b4 38. Nh5 b3 0-1


[Site "https://www.chess.com"]

[Event "Titled Tuesday Blitz November 01 Early 2022"]
[White "Ivic, Velimir"]
[Black "Deac, Bogdan-Daniel"]
[WhiteFideId "950122"]
[BlackFideId "1226380"]
[WhiteElo "2625"]
[BlackElo "2648"]
[Result "*"]
[Round "06"]
[TimeControl "180+1"]
[Date "2022.11.01"]
[WhiteClock "0:02:49"]
[BlackClock "0:02:49"]

1. e4 c6 2. d4 d5 3. e5 Bf5 4. h4 h5 5. Bd3 Bxd3 6. Qxd3 e6 7. Bg5 Be7 8. Nf3 Nh6 9. Nc3 Nf5 10. a3 Nd7 11. Ne2 c5 12. c3 *


[Site "https://www.chess.com"]

[Event "Titled Tuesday Blitz November 01 Early 2022"]
[White "Izuzquiza Gonzalez, Javier"]
[Black "Bilan, Danila"]
[WhiteFideId "3101029"]
[BlackFideId "24161918"]
[WhiteElo "2034"]
[BlackElo "2203"]
[Result "1/2-1/2"]
[Round "06"]
[TimeControl "180+1"]
[Date "2022.11.02"]
[WhiteClock "0:00:20"]
[BlackClock "0:00:04"]

1. d4 d5 2. c4 c6 3. Nf3 Nf6 4. g3 Bf5 5. Bg2 e6 6. O-O h6 7. b3 Nbd7 8. Nc3 Bb4 9. Bd2 Ba3 10. Bc1 Bb4 11. Bd2 Qa5 12. Qc1 Ba3 13. Nb5 Bxc1 14. Bxa5 cxb5 15. Raxc1 bxc4 16. bxc4 O-O 17. cxd5 Nxd5 18. Nd2 Bg6 19. e4 N5f6 20. Rc7 b6 21. Bb4 Rfc8 22. Rfc1 Rxc7 23. Rxc7 Nf8 24. f4 Rd8 25. Bc3 Ne8 26. Rxa7 Nd6 27. Rc7 Nb5 28. Rc6 Nxd4 29. Bxd4 Rxd4 30. Nb3 Rb4 31. e5 Nd7 32. Kf2 Nc5 33. Nxc5 bxc5 34. Rc8+ Kh7 35. Rxc5 Rb2+ 36. Kf1 Rxa2 37. h4 h5 38. Bf3 Ra3 39. Kf2 Rb3 40. Rc7 Rd3 41. Rc4 Ra3 42. Be4 Ra2+ 43. Kf3 Ra3+ 44. Kf2 Ra2+ 45. Kf3 Ra3+ 46. Kf2 1/2-1/2


[Site "https://www.chess.com"]

[Event "Titled Tuesday Blitz November 01 Early 2022"]
[White "Johnson, Ben"]
[Black "Storey, Charles H"]
[WhiteFideId "2010917"]
[BlackFideId "406686"]
[WhiteElo "2132"]
[BlackElo "2252"]
[Result "0-1"]
[Round "06"]
[TimeControl "180+1"]
[Date "2022.11.02"]
[WhiteClock "0:00:15"]
[BlackClock "0:01:39"]

1. Nf3 g6 2. e4 Bg7 3. d4 c5 4. c4 d6 5. Nc3 Nc6 6. Be3 cxd4 7. Nxd4 Nf6 8. Be2 Bd7 9. O-O O-O 10. Rc1 Nxd4 11. Bxd4 Bc6 12. f3 a5 13. Nd5 Nxd5 14. cxd5 Bxd4+ 15. Qxd4 Bd7 16. Rc3 a4 17. Rfc1 Qa5 18. Rc7 Rfc8 19. Rxc8+ Rxc8 20. Rxc8+ Bxc8 21. Kf2 Bd7 22. h4 h5 23. f4 a3 24. bxa3 Qxa3 25. Qb6 Bg4 26. Bxg4 hxg4 27. Qd8+ Kg7 28. Qxe7 g3+ 29. Ke2 Qxa2+ 30. Kd3 Qxg2 31. Qxd6 Qf1+ 32. Kd4 Qa1+ 33. Kc4 g2 34. e5 Qa6+ 0-1


[Site "https://www.chess.com"]

[Event "Titled Tuesday Blitz November 01 Early 2022"]
[White "Jones, Gawain C B"]
[Black "Vlassov, Nikolai"]
[WhiteFideId "409561"]
[BlackFideId "4103360"]
[WhiteElo "2854"]
[BlackElo "2603"]
[Result "1-0"]
[Round "06"]
[TimeControl "180+1"]
[Date "2022.11.02"]
[WhiteClock "0:01:53"]
[BlackClock "0:00:20"]

1. e4 c5 2. Nf3 d6 3. Nc3 Nf6 4. e5 dxe5 5. Nxe5 e6 6. g3 Nbd7 7. Nc4 Rb8 8. Nb5 Nb6 9. Nxa7 Qd5 10. Nxb6 Qxh1 11. Naxc8 c4 12. Qe2 Bc5 13. Qxc4 Bxb6 14. Qb5+ Kd8 15. Nxb6 Qe4+ 16. Qe2 Qxc2 17. d4 Qc6 18. Nc4 Ke7 19. b3 b5 20. Ba3+ b4 21. Bb2 Rhd8 22. Rc1 Kf8 23. Ne5 Qa6 24. Qxa6 1-0


[Site "https://www.chess.com"]

[Event "Titled Tuesday Blitz November 01 Early 2022"]
[White "Jovic, Stanoje"]
[Black "Shuvalov, Evgenij"]
[WhiteFideId "905020"]
[BlackFideId "4187237"]
[WhiteElo "2238"]
[BlackElo "2049"]
[Result "0-1"]
[Round "06"]
[TimeControl "180+1"]
[Date "2022.11.02"]
[WhiteClock "0:01:12"]
[BlackClock "0:01:24"]

1. c4 Nf6 2. g3 c6 3. Bg2 d5 4. cxd5 cxd5 5. Nf3 Nc6 6. d4 Bf5 7. Nc3 e6 8. O-O Bd6 9. Bf4 Bxf4 10. gxf4 O-O 11. Ne5 Rc8 12. Rc1 Qe7 13. e3 h6 14. a3 Kh8 15. b4 Rg8 16. Na4 Ne4 17. f3 Nd6 18. Nc5 Nxe5 19. fxe5 Nc4 20. e4 Bh7 21. Qd3 b6 22. Na4 Qd7 23. Nc3 Nxa3 24. Nxd5 exd5 25. Qc3 Rxc3 0-1


[Site "https://www.chess.com"]